Map: Dusk Towers

Players

Sektor - Winner!

  • Race: Terran Terran
  • League: Grandmaster

xKawaiian

  • Race: Terran Terran
  • League: Master

VOD

Have the link to the VOD?

Description

Time

  • Played on: Jan. 13, 2016, 9:45 p.m.
  • Length: 8:25
Show
View Real Time Build Order
Export as new Build Order

Sektor Terran - Winner!

Build Orders: MMM Bio 

Get SALT Encoding   

  12  0:01  SCV  
  13  0:13  SCV  
  14  0:17  Supply Depot  
  14  0:25  SCV  
  15  0:39  SCV  
  15  0:41  Barracks  
  16  0:46  Refinery  
  16  0:51  SCV  
  17  1:01  Barracks  
  17  1:04  SCV  
  18  1:16  SCV  
  19  1:29  Orbital Command  
  19  1:31  Reaper  
  20  1:38  Refinery  
  20  1:44  Supply Depot  
  20  1:49  Reaper  
  21  1:55  SCV  
  22  2:04  Reaper  
  22  2:07  SCV  
  24  2:19  SCV  
  24  2:21  Reaper  
  26  2:31  SCV  
  27  2:41  Command Center  
  27  2:43  SCV  
  28  2:56  SCV  
  31  3:13  Supply Depot, Factory  
  31  3:22  SCV  
  30  3:29  Barracks Tech Lab, Barracks  
  30  3:31  Supply Depot  
  30  3:36  Barracks Reactor  
  29  3:49  Marine  
  29  3:51  Stimpack  
  30  4:02  Starport, Factory Reactor  
  30  4:04  Orbital Command  
  30  4:07  Marine  
  30  4:08  SCV  
  31  4:15  Marine x2  
  31  4:20  Barracks Reactor, SCV  
  32  4:25  Marine  
  32  4:30  SCV  
  34  4:31  Engineering Bay  
  34  4:32  SCV  
  34  4:33  Marine x2  
  37  4:42  SCV  
  37  4:43  Marine  
  37  4:44  SCV  
  40  4:46  Factory Tech Lab  
  40  4:47  Medivac x2  
  40  4:51  Marine  
  40  4:52  Marine  
  46  4:54  SCV  
  46  4:56  SCV  
  46  4:58  Terran Infantry Weapons Level 1, Refinery  
  48  5:03  Marine x2  
  48  5:04  Marine  
  48  5:07  SCV  
  52  5:09  SCV  
  53  5:14  Marine  
  53  5:15  Marine  
  53  5:16  Siege Tank  
  53  5:29  Marine x2  
  53  5:30  Marine  
  53  5:32  Marine  
  53  5:33  SCV  
  57  5:40  Command Center  
  58  5:45  SCV  
  58  5:48  Siege Tank  
  62  5:53  Marine  
  62  5:55  Supply Depot  
  62  5:57  Supply Depot  
  62  5:59  Combat Shields  
  62  6:08  Refinery  
  62  6:15  Barracks  
  62  6:17  SCV, Barracks, Marine x4  
  67  6:19  SCV  
  67  6:20  Siege Tank  
  67  6:25  Marine  
  71  6:26  Medivac  
  71  6:28  Medivac  
  71  6:30  SCV  
  77  6:35  SCV, Supply Depot  
  78  6:51  SCV x2, Marine x3  
  83  6:57  Medivac  
  83  6:58  Medivac  
  87  7:01  Marine x2  
  87  7:03  Barracks Reactor  
  87  7:05  Barracks Reactor  
  87  7:06  SCV x2  
  91  7:09  Marine  
  91  7:13  Sensor Tower  
  91  7:15  Orbital Command  
  92  7:18  Marine  
  92  7:19  Marine  
  92  7:21  SCV  
  92  7:22  SCV  
  96  7:24  Marine x2  
  98  7:33  Siege Tank  
  100  7:41  SCV  
  101  7:48  Supply Depot  
  101  8:01  Marine  
  101  8:09  SCV x2  
  101  8:12  Supply Depot, Factory x2  
  109  8:13  Supply Depot  
  109  8:16  Engineering Bay  
Show
View Real Time Build Order
Export as new Build Order

xKawaiian Terran 

Build Orders: Reaper Expand, MMM Bio 

Get SALT Encoding   

  12  0:00  SCV  
  13  0:13  SCV  
  14  0:18  Supply Depot  
  14  0:25  SCV  
  15  0:39  SCV  
  15  0:41  Barracks  
  16  0:47  Refinery  
  16  0:51  SCV  
  17  1:03  SCV  
  18  1:17  SCV  
  19  1:30  Orbital Command  
  19  1:32  Reaper  
  20  1:41  Command Center  
  20  1:48  Refinery  
  20  1:55  SCV  
  21  2:02  Supply Depot  
  21  2:05  Barracks Reactor  
  21  2:07  SCV  
  22  2:19  SCV  
  23  2:30  Factory  
  23  2:31  SCV  
  24  2:43  SCV, Marine x2  
  27  2:44  Bunker  
  27  2:55  Orbital Command  
  27  2:56  SCV  
  27  3:04  Marine x2  
  29  3:08  SCV  
  30  3:13  Factory Tech Lab  
  30  3:14  Starport  
  30  3:20  SCV  
  30  3:22  Marine x2  
  30  3:23  SCV  
  34  3:31  Cyclone  
  34  3:32  SCV  
  38  3:35  SCV  
  38  3:44  SCV  
  38  3:51  Orbital Command  
  38  3:52  Marine  
  38  3:53  Marine  
  39  3:56  SCV  
  37  4:03  Siege Tank  
  37  4:08  SCV  
  41  4:10  Marine  
  41  4:11  Marine  
  42  4:18  SCV  
  42  4:20  SCV  
  44  4:29  Marine  
  44  4:30  SCV  
  46  4:35  Supply Depot x2  
  46  4:45  Supply Depot  
  46  4:46  Supply Depot  
  46  4:56  SCV x2, Medivac, Marine x2  
  46  4:58  Siege Tank  
  55  5:08  SCV x2  
  55  5:09  Barracks  
  55  5:10  Barracks  
  57  5:20  SCV x2  
  59  5:23  Marine  
  59  5:25  Marine  
  57  5:30  Siege Tank  
  57  5:32  SCV  
  57  5:33  SCV  
  62  5:40  Barracks  
  62  5:41  Refinery, Barracks, Marine  
  63  5:43  Starport Reactor  
  63  5:45  SCV  
  63  5:47  SCV  
  63  5:49  Refinery  
  63  5:55  Barracks Tech Lab  
  63  5:57  Barracks Tech Lab  
  63  6:03  Supply Depot, Marine  
  65  6:04  Supply Depot  
  65  6:05  Siege Tank  
  65  6:07  SCV  
  65  6:10  Supply Depot  
  68  6:12  Supply Depot  
  68  6:15  Stimpack  
  68  6:17  Combat Shields  
  68  6:18  Marine x2  
  69  6:21  SCV  
  71  6:27  Supply Depot  
  71  6:28  Medivac  
  73  6:33  Marine  
  73  6:34  Marauder, Marine  
  73  6:36  Marine x2  
  73  6:38  SCV  
  80  6:40  Medivac  
  80  6:41  Marine  
  80  6:46  Supply Depot  
  83  6:51  Marine  
  84  6:55  Marine  
  84  6:56  Barracks Reactor  
  84  6:57  Barracks Reactor  
  84  6:58  Medivac  
  87  7:15  SCV, Engineering Bay  
  88  7:18  Engineering Bay  
  88  7:20  SCV  
  88  7:22  Command Center  
  89  7:23  Marine x3  
  89  7:27  SCV, Medivac  
  89  7:28  Medivac  
  97  7:36  Marine x3  
  100  7:41  Marine  
  101  7:49  Marine x2  
  101  7:51  Siege Tank  
  106  7:52  Marine x2  
  110  7:59  Marine x2  
  110  8:05  Marine x2  
Tags
 
Add a new tag
Caveats
  • Supply blocks, unpowered buildings, or Contaminate may cause inaccurate times.
  • Supply counts are checked every 10 seconds.